Map: [ESL] Royal Blood

Players

ShaDoWn

  • Race: Protoss Protoss
  • Spawn Location: 7:00

SKillous - Winner!

  • Race: Protoss Protoss
  • Spawn Location: 1:00

Event: ESL SC2 Masters 2023 Summer (Finals)

VOD

Have the link to the VOD?

Description

Time

  • Played on: June 17, 2023, 6:03 a.m.
  • Length: 8:01

All games in this series

Show
View Real Time Build Order
Export as new Build Order

ShaDoWn Protoss 

Build Orders: Blink Stalkers 

Get SALT Encoding   

  12  0:00  Probe  
  13  0:12  Probe  
  14  0:16  Pylon  
  14  0:24  Probe  
  15  0:34  Gateway  
  15  0:36  Probe (Chrono Boost)  
  16  0:46  Probe (Chrono Boost)  
  16  0:47  Assimilator  
  17  0:51  Probe (Chrono Boost)  
  18  0:58  Assimilator  
  18  1:03  Probe (Chrono Boost)  
  19  1:09  Gateway  
  19  1:14  Probe (Chrono Boost)  
  20  1:19  Probe (Chrono Boost)  
  20  1:25  Cybernetics Core  
  21  1:29  Probe  
  22  1:35  Pylon  
  22  1:41  Probe  
  23  1:53  Probe  
  24  2:01  Warp Gate (Chrono Boost), Stalker x2  
  26  2:05  Probe  
  29  2:14  Pylon  
  29  2:17  Probe  
  30  2:24  Shield Battery  
  30  2:33  Sentry  
  30  2:37  Sentry  
  34  2:47  Nexus  
  34  2:49  Probe  
  35  3:01  Probe  
  35  3:04  Pylon, Shield Battery  
  36  3:15  Probe  
  36  3:17  Twilight Council  
  36  3:23  Shield Battery  
  36  3:27  Probe  
  37  3:39  Probe  
  38  3:42  Stalker  
  38  3:43  Stalker  
  42  3:51  Probe  
  43  3:55  Blink (Chrono Boost)  
  40  4:05  Probe (Chrono Boost)  
  40  4:06  Probe (Chrono Boost)  
  42  4:17  Adept x2  
  42  4:18  Probe (Chrono Boost)  
  42  4:20  Probe (Chrono Boost)  
  46  4:27  Probe x2 (Chrono Boost)  
  48  4:37  Stalker  
  52  4:39  Probe (Chrono Boost)  
  52  4:40  Stalker  
  52  4:41  Probe (Chrono Boost)  
  52  4:42  Pylon  
  54  4:48  Pylon  
  54  5:00  Probe x2  
  54  5:05  Nexus  
  56  5:12  Probe  
  56  5:13  Robotics Facility  
  57  5:15  Probe  
  58  5:22  Stalker  
  58  5:24  Stalker  
  62  5:28  Shield Battery  
  62  5:29  Probe  
  62  5:32  Probe  
  64  5:41  Probe  
  65  5:43  Gateway  
  63  5:50  Stalker x2  
  65  5:58  Pylon  
  65  6:02  Immortal (Chrono Boost)  
  68  6:16  Pylon  
  62  6:19  Stalker x2  
  62  6:21  Probe  
  62  6:25  Pylon  
  63  6:27  Probe  
  59  6:34  Probe  
  59  6:35  Probe  
  59  6:39  Probe  
  55  6:41  Immortal (Chrono Boost)  
  55  6:44  Stalker x2  
  56  6:52  Probe x2 (Chrono Boost)  
  59  6:55  Probe (Chrono Boost)  
  59  6:58  Stalker  
  61  7:04  Probe (Chrono Boost)  
  54  7:09  Probe (Chrono Boost)  
  54  7:10  Probe (Chrono Boost)  
  54  7:11  Probe (Chrono Boost)  
  54  7:14  Stalker x2  
  57  7:18  Probe  
  57  7:22  Stalker  
  58  7:28  Probe  
  53  7:32  Probe  
  48  7:39  Stalker x2  
  48  7:40  Probe  
  48  7:41  Probe  
  51  7:48  Stalker  
  52  7:56  Stalker x2  
Show
View Real Time Build Order
Export as new Build Order

SKillous Protoss - Winner!

Build Orders: Oracle Opening, Blink Stalkers 

Get SALT Encoding   

  12  0:00  Probe  
  13  0:12  Probe  
  14  0:19  Pylon  
  14  0:24  Probe  
  15  0:37  Gateway  
  15  0:38  Probe (Chrono Boost)  
  16  0:47  Probe (Chrono Boost), Assimilator  
  17  0:52  Probe (Chrono Boost)  
  17  0:55  Assimilator  
  19  1:04  Probe (Chrono Boost)  
  19  1:09  Gateway  
  19  1:13  Probe (Chrono Boost)  
  20  1:18  Probe  
  20  1:25  Cybernetics Core  
  21  1:30  Probe  
  22  1:37  Pylon  
  22  1:42  Probe  
  23  1:55  Probe  
  24  2:02  Stalker  
  24  2:03  Adept, Warp Gate  
  29  2:13  Pylon  
  29  2:17  Stargate  
  28  2:25  Probe  
  29  2:35  Stalker  
  31  2:37  Probe  
  31  2:39  Stalker  
  34  3:04  Oracle (Chrono Boost)  
  37  3:15  Nexus  
  37  3:17  Probe  
  38  3:25  Twilight Council  
  38  3:32  Pylon  
  38  3:35  Probe  
  39  3:50  Probe  
  38  3:58  Blink (Chrono Boost)  
  38  4:02  Probe  
  37  4:14  Probe, Gateway  
  38  4:17  Gateway  
  38  4:24  Stalker  
  40  4:25  Stalker  
  40  4:26  Probe  
  40  4:28  Probe  
  44  4:38  Probe  
  45  4:40  Probe  
  46  4:47  Stalker  
  46  4:49  Stalker  
  46  4:50  Probe  
  51  4:58  Probe  
  52  5:02  Probe  
  52  5:03  Pylon  
  52  5:05  Shield Battery  
  53  5:09  Stalker  
  53  5:10  Stalker  
  53  5:12  Probe  
  58  5:15  Stalker  
  58  5:18  Stalker  
  62  5:23  Probe  
  62  5:25  Probe  
  64  5:31  Pylon  
  64  5:32  Assimilator  
  64  5:35  Stalker  
  66  5:37  Stalker  
  68  5:49  Stalker x2  
  66  5:59  Stalker  
  66  6:02  Stalker  
  67  6:12  Probe  
  67  6:15  Stalker  
  67  6:16  Stalker  
  67  6:17  Probe  
  72  6:23  Nexus  
  72  6:24  Probe, Pylon  
  72  6:31  Stalker  
  74  6:33  Probe (Chrono Boost)  
  74  6:38  Probe (Chrono Boost)  
  70  6:45  Probe (Chrono Boost)  
  70  6:48  Probe (Chrono Boost)  
  70  6:50  Stalker x2  
  70  6:51  Stalker  
  70  6:54  Probe (Chrono Boost)  
  77  6:56  Probe (Chrono Boost)  
  77  6:59  Stalker  
  80  7:04  Probe (Chrono Boost)  
  72  7:10  Probe (Chrono Boost)  
  72  7:14  Probe (Chrono Boost)  
  69  7:19  Probe x2 (Chrono Boost), Stalker x2  
  69  7:20  Stalker  
  77  7:24  Forge  
  77  7:29  Probe  
  70  7:30  Probe  
  70  7:37  Probe  
  70  7:41  Probe  
  71  7:48  Stalker x4  
  71  7:49  Probe  
Tags
 
Add a new tag
Caveats
  • Supply blocks, unpowered buildings, or Contaminate may cause inaccurate times.
  • Supply counts are checked every 10 seconds.